 Dungeon Crawl Stone Soup version 0.26-a0-540-g8a0c9464d7 (webtiles) character file.

Game seed: 935208477346703990

32 Gorglomux the Skirmisher (level 3, -5/32 HPs)
             Began as a Palentonga Delver on Aug 21, 2020.
             Slain by an orc
             ... wielding a +0 flail
              (8 damage)
             ... on level 3 of the Dungeon.
             The game lasted 00:01:20 (942 turns).

Gorglomux the Skirmisher (Palentonga Delver)         Turns: 942, Time: 00:01:21

Health: -5/32      AC:  4    Str: 15 (16) XL:     3   Next: 8%
Magic:  3/3        EV:  9    Int:  7 (10) God:
Gold:   29         SH:  0    Dex:  8 (11) Spells: 2/2 levels left

rFire    . . .     SeeInvis +   a - +0 short sword
rCold    . . .     Faith    .   (no shield)
rNeg     . . .     Spirit   .   b - +0 leather armour
rPois    .         Reflect  .   (no helmet)
rElec    .         Harm     .   (no cloak)
rCorr    .                      (no gloves)
MR       .....                  (boots restricted)
Stlth    ++........             (no amulet)
HPRegen  0.10/turn              (no ring)
MPRegen  0.08/turn              (no ring)

@: no status effects
A: large, rugged brown scales 3, see invisible, deformed body, roll, armoured
tail
a: Rolling Charge


You were on level 3 of the Dungeon.
You visited 1 branch of the dungeon, and saw 3 of its levels.

You collected 29 gold pieces.

Inventory:

Hand Weapons
 a - a +0 short sword (weapon)
Armour
 b - a +0 leather armour (worn)
Wands
 D - a wand of digging (3)
Scrolls
 c - a scroll of fog
 d - a scroll of teleportation {unknown}
 e - a scroll of identify {unknown}
 M - a scroll of magic mapping
Potions
 f - a potion of curing {unknown}
 g - a potion of stabbing {unknown}
 h - a potion of degeneration
 H - a potion of haste


   Skills:
 + Level 3.6 Fighting
 + Level 2.9 Short Blades
 - Level 1.5 Dodging
 - Level 3.3 Stealth


You had 2 spell levels left.
You didn't know any spells.
Your spell library was empty.

Dungeon Overview and Level Annotations

Branches:
Dungeon (5/15)
 Temple: D:4-7

Altars:


Innate Abilities, Weirdness & Mutations

You are completely covered in rugged brown scales. (AC +3, +7% HP)
You have supernaturally acute eyesight. (SInv)
Armour fits poorly on your strangely shaped body.
You can roll at foes to attack.
You have a long armoured tail.


Message History

The adder is severely wounded.
You feel sick. The adder bites you but does no damage.
The bat hits you but does no damage.
You closely miss the adder.
The adder is severely wounded.
The bat barely misses you. The adder bites you. x2
You are more poisoned.
The adder poisons you!
You hit the adder.
You kill the adder!
You have reached level 3!
Your experience leads to an increase in your attributes!
Increase (S)trength, (I)ntelligence, or (D)exterity?
You feel stronger.
You feel sick. The bat hits you but does no damage.
You feel sick. The bat hits you but does no damage.
The bat hits you but does no damage.
You feel sick. The bat hits you but does no damage.
You feel sick. The bat closely misses you.
You hit the bat.
The bat is severely wounded.
You hear the quick rusting of a distant drain.
The bat closely misses you. The bat barely misses you.
You closely miss the bat.
Your tail-slap misses the bat.
The bat is severely wounded.
You feel sick. The bat hits you.
Roll where?
Press: ? - help, Dir - move target cursor, f - orc
Aim: an orc, wielding a +0 flail You roll forward with a clatter of scales!
You barely miss the orc. The bat hits you but does no damage.
The orc hits you with a +0 flail!
* * * LOW HITPOINT WARNING * * *
You miss the bat. You tail-slap the bat.
You kill the bat!
Unknown command.
You feel sick.
You see here a bat corpse.
You feel sick.
You feel sick.
You feel sick.
You feel sick.
You feel sick.
You are no longer poisoned.
There is an open door here.
It was a potion of degeneration.
There was something very wrong with that liquid.
You feel weakened.
You feel dopey.
You feel clumsy. The orc hits you with a +0 flail!
You die...

#.# #.#.#.#.#
#.#.#.#.# #.#.#.#.# ##
...#.#.#
.############..#.#.#
............#..#.#)#
....)[......#..#.#.#
............'..o@#.#
............##.###.#
..###########)>....#.#
.## #........# .#
#.######## .# #.# .#
#.# ## #.# #.#


You could see an orc.

Vanquished Creatures
  A howler monkey skeleton (D:4)
  An adder (D:3)
  3 orcs (D:3)
  A bat (D:3)
  2 giant cockroaches
  A hobgoblin (D:3)
  A kobold (D:3)
10 creatures vanquished.

Notes
Turn   | Place    | Note
-------+----------+-------------------------------------------
     0 | D:5      | Gorglomux the Palentonga Delver began the quest for the
                  | Orb.
     0 | D:5      | Reached XP level 1. HP: 19/19 MP: 1/1
    28 | D:5      | Noticed an orc priest
   156 | D:4      | Reached XP level 2. HP: 13/25 MP: 2/2
   403 | D:4      | Noticed a killer bee
   403 | D:4      | Noticed a killer bee
   405 | D:4      | Noticed a killer bee
   577 | D:3      | HP: 1/25 [orc/+0 club (6)]
   910 | D:3      | Reached XP level 3. HP: 20/32 MP: 3/3
   942 | D:3      | Slain by an orc

Illustrated notes

Levels and vault maps discovered:
D:3:      layout_basic, lemuel_round_altar, overflow_temple_1_default,
          lightli_sewer_entry_pipes, fedhas_altar_2, uniq_natasha
D:4:      layout_gridville, abandoned_shop, nrook_campfire
D:5:      layout_gridville, lemuel_crystal_altar, hangedman_abyss_or_decor_stabs

Action                   || total
-------------------------++-------
Melee: Short sword       ||    50
       Tailslap          ||     8
 Abil: Rolling Charge    ||     6
  Use: Scroll            ||     1
       Potion            ||     1
Armor: Leather armour    ||    18
Dodge: Dodged            ||    21

Table legend: (Time is in decaauts)
 A = Elapsed time spent in this place.
 B = Non-inter-level travel time spent in this place.
 C = Inter-level travel time spent in this place.
 D = Time resting spent in this place.
 E = Time spent auto-exploring this place.
 F = Levels seen in this place.
 G = Mean time per level.
                   A        B        C        D        E       F      G
               +--------+--------+--------+--------+--------+-----+--------+
         Total |    940 |    940 |      0 |    358 |    440 |   3 |  313.3 |
       Dungeon |    940 |    940 |      0 |    358 |    440 |   3 |  313.3 |
               +--------+--------+--------+--------+--------+-----+--------+

Top non-repeatable levels by time:
     D:3: 534 daAuts
     D:4: 359 daAuts
     D:5: 46 daAuts
